AoeStats
← DelhiayJolory

MegaRandom

509885193Analyzed
2v2 RM · 3d ago on Sep 28, 2026· 27m 37s· 4 players
Game mode
Random Map
Map size
Medium (4 player)
Population
200
Speed
Normal
Resources
Standard
Victory
Conquest
Starting age
Dark Age
Ending age
Imperial Age
RankedLock teamsTeams togetherTeam positionsShared explorationLock speedFull tech treeHidden civsTurbo modeCheats
Victory
Defeat
🇩🇪 Huns · Germany
1176
+8
🇨🇳 Cumans · China
1062
+12
🇨🇳 Wei · China
1073
-13
🇨🇳 Magyars · China
901
-7
MeipuCha
0:31 Loom
11:33 Feudal Age
13:42 Double-Bit Axe
13:38 Horse Collar
23:47 Castle Age
22:53 Forging
22:43 Scale Mail Armor
24:45 Pikeman
26:18 Squires
Han.
7:36 Loom
10:15 Feudal Age
11:49 Double-Bit Axe
11:45 Horse Collar
18:49 Castle Age
17:04 Gold Mining
19:22 Scale Barding Armor
19:28 Forging
20:29 Chain Barding Armor
23:03 Heavy Plow
24:29 Bloodlines
25:51 Iron Casting
26:39 Husbandry
27:00 Fletching
DelhiayJolory
12:29 Feudal Age
10:59 Loom
11:02 Loom
13:25 Double-Bit Axe
16:27 Wheelbarrow
23:57 Castle Age
24:18 Bloodlines
强力枇杷露
6:33 Loom
9:09 Feudal Age
9:56 Double-Bit Axe
11:15 Horse Collar
18:59 Castle Age
17:32 Scale Barding Armor
17:54 Gold Mining
18:48 Bloodlines
20:13 Bow Saw
23:21 Forging
23:58 Wheelbarrow
Connection lost

Rejoining the realm…

Still unreachable

The connection could not be restored.

Session expired

The server has moved on; the page needs a fresh start.